 Dungeon Crawl Stone Soup version 0.26-a0-546-g3c2127501a (webtiles) character file.

Game seed: 5574257457961434512

692 Errates the Digger (level 7, -4/36 HPs)
             Began as a Gargoyle Earth Elementalist on Aug 19, 2020.
             Splashed by Ijyb's acid (14 damage)
             ... on level 5 of the Dungeon.
             The game lasted 00:12:31 (4961 turns).

Errates the Digger (Gargoyle Earth Elementalist)    Turns: 4961, Time: 00:12:32

Health: -4/36      AC:  8    Str: 12    XL:     7   Next: 63%
Magic:  14/14      EV: 12    Int: 21    God:
Gold:   275        SH:  0    Dex: 13    Spells: 6/15 levels left

rFire    + . .     SeeInvis .   o - +7 flail "Agapt" {flame, rC+ Dex+3}
rCold    + . .     Faith    .   (no shield)
rNeg     + . .     Spirit   .   c - +1 robe
rPois    ∞         Reflect  .   (no helmet)
rElec    +         Harm     .   (no cloak)
rCorr    .                      (no gloves)
MR       .....                  l - +0 pair of boots
Stlth    ++........             (no amulet)
HPRegen  0.12/turn              (no ring)
MPRegen  0.14/turn              (no ring)

@: no status effects
A: clever 2, fire resistance 1, negative energy resistance 1, electricity
resistance, unbreathing, petrification resistance, rot immunity, MP-powered
wands, AC +4
a: no special abilities


You were on level 5 of the Dungeon.
You visited 1 branch of the dungeon, and saw 5 of its levels.

You collected 275 gold pieces.

Inventory:

Hand Weapons
 a - a +0 short sword
 j - a +2 dagger of venom
 n - a +0 mace
 o - the +7 flail "Agapt" (weapon) {flame, rC+ Dex+3}
   (You found it on level 5 of the Dungeon)

   It has been specially enchanted to burn those struck by it, causing extra
   injury to most foes and up to half again as much damage against particularly
   susceptible opponents.
   It affects your dexterity (+3).
   It protects you from cold.
Missiles
 b - 244 stones (quivered)
 h - a throwing net
Armour
 c - a +1 robe (worn)
 l - a +0 pair of boots (worn)
Scrolls
 k - a scroll of teleportation
 m - 3 scrolls of remove curse
Potions
 d - 2 potions of mutation
 e - a potion of flight
 f - 4 potions of stabbing
 g - a potion of cancellation {unknown}
 i - a potion of heal wounds {unknown}


   Skills:
 - Level 1.5 Dodging
 - Level 2.1 Stealth
 + Level 4.7 Spellcasting
 + Level 4.5 Conjurations
   Level 0.7 Transmutations
 + Level 6.8 Earth Magic


You had 6 spell levels left.
You knew the following spells:

 Your Spells              Type           Power        Failure   Level
a - Sandblast             Erth           ####..       1%          1
b - Stone Arrow           Conj/Erth      ####..       3%          3
c - Lee's Rapid Deconstr  Erth           ####......   19%         5

Your spell library contained the following spells:

 Spells                   Type           Power        Failure   Level
 Passwall                 Tmut/Erth      ###.....     3%          2
 Petrify                  Tmut/Erth      ###.....     22%         4


Dungeon Overview and Level Annotations

Branches:
Dungeon (5/15)
 Temple: D:4-7

Altars:
Ashenzari
Elyvilon
Ru
Yredelemnul

Shops:
D:5 [:

Annotations:
D:5 Ijyb


Innate Abilities, Weirdness & Mutations

You are resistant to torment.
Your stone body is resilient. (AC +4)
You are immune to poison.
You resist negative energy. (rN+)
You are resistant to electric shocks. (rElec)
You can survive without breathing.
You are immune to petrification.
You are immune to rotting.
Your mind is very acute. (Int +4)
Your flesh is heat resistant. (rF+)
You expend magic power (3 MP) to strengthen your wands.


Message History

You are too injured to fight recklessly!
You are too injured to fight recklessly!
Okay, then.
Unknown command.
As you read the scroll of teleportation, it crumbles to dust.
You feel strangely unstable. The ogre barely misses you.
Your surroundings suddenly seem different.
Found a scroll of teleportation.
Unknown command.
Okay, then.
You start resting.
HP restored.
Ijyb the Twisted Goblin comes into view.
She is wielding a +0 dagger and carrying a wand of acid (11).
You see here a scroll of teleportation.
Ijyb shouts!
Ijyb zaps a wand.
The bolt of acid hits you!!
Ouch! That really hurt!
* * * LOW HITPOINT WARNING * * *
You are splashed with acid!
You die...

#.........## .. ##.....
.......... #.....
........## #.>...
#......## #.....
##.......# ...#...
##........#####...###...
#....####?....... ###..
#....#....#...#.. #....
##.....@.## ..# ##....
###...g........ ......
#.#......#.##. ......
####........ ......
.#....... ......
.......... ......
.......... ...... #.
....... .....# .....


You could see Ijyb.

Vanquished Creatures
  Menkaure (D:5)
  2 ice beasts
  2 ogres (D:4)
  A centaur skeleton (D:4)
  Jessica (D:3)
  6 adders
  An ooze (D:2)
  4 worms
  An adder skeleton (D:5)
  2 dart slugs
  3 leopard geckos
  10 orcs
  5 giant cockroaches
  9 goblins
  6 hobgoblins
  11 jackals
  3 quokkas
  7 bats
  5 frilled lizards
  4 kobolds
  A quokka skeleton (D:4)
  6 rats
91 creatures vanquished.

Notes
Turn   | Place    | Note
-------+----------+-------------------------------------------
     0 | D:1      | Errates the Gargoyle Earth Elementalist began the quest for
                  | the Orb.
     0 | D:1      | Reached XP level 1. HP: 10/10 MP: 3/3
   434 | D:1      | Reached XP level 2. HP: 15/15 MP: 5/5
   500 | D:1      | Reached skill level 4 in Earth Magic
   958 | D:2      | Reached XP level 3. HP: 19/19 MP: 2/6
   970 | D:2      | Learned a level 3 spell: Stone Arrow
  1043 | D:2      | Found a shattered altar of Ashenzari.
  1043 | D:2      | Noticed an ice beast
  1550 | D:2      | Reached skill level 1 in Conjurations
  1599 | D:2      | Reached XP level 4. HP: 22/24 MP: 8/8
  2466 | D:3      | Reached skill level 5 in Earth Magic
  2534 | D:3      | Reached XP level 5. HP: 19/28 MP: 9/9
  2541 | D:3      | Learned a level 5 spell: Lee's Rapid Deconstruction
  2774 | D:3      | Found a white marble altar of Elyvilon.
  2774 | D:3      | Found a sacrificial altar of Ru.
  2870 | D:3      | Noticed Jessica
  2893 | D:3      | Killed Jessica
  3056 | D:3      | Found a basalt altar of Yredelemnul.
  3323 | D:2      | Found a shattered altar of Ashenzari.
  3344 | D:2      | Killed an ice beast
  3344 | D:2      | Reached XP level 6. HP: 32/32 MP: 6/11
  3860 | D:4      | Reached skill level 6 in Earth Magic
  4020 | D:4      | Reached XP level 7. HP: 36/36 MP: 9/13
  4063 | D:4      | Gained mutation: You expend magic power (3 MP) to
                  | strengthen your wands. [potion of mutation]
  4063 | D:4      | Gained mutation: Your flesh is heat resistant. (rF+)
                  | [potion of mutation]
  4063 | D:4      | Gained mutation: Your mind is acute. (Int +2) [potion of
                  | mutation]
  4063 | D:4      | Gained mutation: Your mind is very acute. (Int +4) [potion
                  | of mutation]
  4336 | D:5      | Entered Level 5 of the Dungeon
  4358 | D:5      | Found Utypuse's Book Emporium.
  4376 | D:5      | Got a translucent flail
  4377 | D:5      | Identified the +7 flail "Agapt" {flame, rC+ Dex+3} (You
                  | found it on level 5 of the Dungeon)
  4391 | D:5      | Noticed Menkaure
  4403 | D:5      | Killed Menkaure
  4686 | D:5      | Found Ehonic's Armour Shop.
  4959 | D:5      | Noticed Ijyb
  4961 | D:5      | Splashed by Ijyb's acid

Illustrated notes

Levels and vault maps discovered:
D:1:      doesnt_arrival_eight_statues, layout_loops_corners
D:2:      layout_basic, evilmike_ruin_ashenzari
D:3:      layout_loops_cross, lemuel_doored_altar,
          gammafunk_temple_overflow_wave, uniq_jessica
D:4:      layout_gridville
D:5:      minmay_spotlight, layout_cave_pools, serial_shops, nicolae_shop_trees,
          shop_statue, lemuel_old_faithful, uniq_menkaure, uniq_ijyb

Skill      XL: |  1  2  3  4  5  6  7 |
---------------+----------------------+-----
Earth Magic    | 4 5 6 |  6.8
Conjurations   | 1 2 3 4 |  4.5
Spellcasting   | 3 4 |  4.7
Dodging        | |  1.5
Stealth        | |  2.1
Transmutations | |  0.7

Action                   |  1- 3 |  4- 6 |  7- 9 || total
-------------------------+-------+-------+-------++-------
Melee: Short sword       |    94 |       |       ||    94
       Dagger            |    21 |   149 |    10 ||   180
       Flail             |       |       |    26 ||    26
Throw: Throwing net      |       |     1 |       ||     1
 Cast: Sandblast         |    15 |     7 |     1 ||    23
       Stone Arrow       |     1 |       |       ||     1
       Lee's Rapid Decon |       |       |     1 ||     1
  Use: Scroll            |     4 |     3 |     5 ||    12
       Potion            |       |     1 |     1 ||     2
 Stab: Sleeping          |     1 |     2 |     1 ||     4
Armor: Robe              |    46 |    56 |    12 ||   114
Dodge: Dodged            |    70 |   110 |    23 ||   203

Table legend: (Time is in decaauts)
 A = Elapsed time spent in this place.
 B = Non-inter-level travel time spent in this place.
 C = Inter-level travel time spent in this place.
 D = Time resting spent in this place.
 E = Time spent auto-exploring this place.
 F = Levels seen in this place.
 G = Mean time per level.
                   A        B        C        D        E       F      G
               +--------+--------+--------+--------+--------+-----+--------+
         Total |   4991 |   4583 |    408 |    539 |   3003 |   5 |  998.2 |
       Dungeon |   4991 |   4583 |    408 |    539 |   3003 |   5 |  998.2 |
               +--------+--------+--------+--------+--------+-----+--------+

Top non-repeatable levels by time:
     D:2: 1387 daAuts
     D:1: 1180 daAuts
     D:4: 907 daAuts
     D:3: 881 daAuts
     D:5: 634 daAuts
